AoeStats
← lum3n

Arabia

506405960Analyzed
1v1 RM · 20d ago on Sep 13, 2026· 25m 7s· 2 players
Game mode
Random Map
Map size
Tiny (2 player)
Population
200
Speed
Normal
Resources
Standard
Victory
Conquest
Starting age
Dark Age
Ending age
Imperial Age
RankedLock teamsTeams togetherTeam positionsShared explorationLock speedFull tech treeHidden civsTurbo modeCheats
Victory
Defeat
🇺🇸 Magyars · United States
1191
+17
🇪🇨 Armenians · Ecuador
1219
-17
lum3n
6:49 Loom
8:58 Feudal Age
15:26 Double-Bit Axe
19:53 Castle Age
18:20 Fletching
18:26 Gold Mining
18:23 Double-Bit Axe
18:27 Horse Collar
19:41 Padded Archer Armor
19:52 Bloodlines
20:38 Bodkin Arrow
23:07 Bow Saw
carlobanchon
6:17 Loom
9:59 Feudal Age
14:14 Double-Bit Axe
15:17 Horse Collar
20:12 Castle Age
18:44 Scale Mail Armor
19:19 Gold Mining
19:08 Man-at-Arms
20:33 Long Swordsman
20:59 Gambesons
22:29 Fletching
23:33 Bodkin Arrow
24:24 Padded Archer Armor
24:43 Elite Skirmisher
Connection lost

Rejoining the realm…

Still unreachable

The connection could not be restored.

Session expired

The server has moved on; the page needs a fresh start.